 Dungeon Crawl Stone Soup version 0.25-a0-591-g2ad0d861f1 (webtiles) character file.

Game seed: 1225584915337302103, levelgen mode: deterministic

8849 tilp the Severer (level 11, -3/99 HPs)
             Began as a Hill Orc Fighter on Mar 13, 2020.
             Was a Priest of Beogh.
             Killed from afar by an ice dragon (31 damage)
             ... with a blast of cold
             ... in an ice cave.
             The game lasted 00:17:12 (8978 turns).

tilp the Severer (Hill Orc Fighter)                 Turns: 8978, Time: 00:17:13

Health: -3/99      AC: 22    Str: 23    XL:     11   Next: 37%
Magic:  11/11      EV:  6    Int:  3    God:    Beogh [***...]
Gold:   951        SH: 14    Dex: 13    Spells: 10/10 levels left

rFire    + . .     SeeInvis .   O - +3 broad axe "Vaypt" {vorpal, rPois rF+ Int-5 Dex+3}
rCold    . . .     Gourm    .   c - +0 kite shield
rNeg     + . .     Faith    .   M - +7 chain mail of Luyck {rElec}
rPois    +         Spirit   .   g - +0 helmet
rElec    +         Reflect  +   i - +0 cloak
rCorr    .         Harm     .   r - +0 pair of gloves
MR       +....                  m - +0 pair of boots
Stlth    ..........             o - +3 amulet of reflection
HPRegen  0.26/turn              B - ring of positive energy
MPRegen  0.12/turn              R - ring of protection from magic

@: flying
A: no striking features
a: Smiting, Renounce Religion


You were in an ice cave.
You worshipped Beogh.
Beogh was most pleased with you.
You were hungry.

You visited 1 branch of the dungeon, and saw 11 of its levels.
You also visited: Ice Cave.

You collected 951 gold pieces.

Inventory:

Hand Weapons
 a - a +1 war axe
 b - a +0 hunting sling of flaming
 O - the +3 broad axe "Vaypt" (weapon) {vorpal, rPois rF+ Int-5 Dex+3}
   (You found it on level 8 of the Dungeon)

   It inflicts extra damage upon your enemies.
   It affects your intelligence (-5).
   It affects your dexterity (+3).
   It protects you from fire.
   It protects you from poison.
Missiles
 k - 251 stones
 y - 17 boomerangs (quivered)
 I - 2 atropa-tipped darts
 N - 38 sling bullets
Armour
 c - a +0 kite shield (worn)
 g - a +0 helmet (worn)
 i - a +0 cloak (worn)
 m - a +0 pair of boots (worn)
 r - a +0 pair of gloves (worn)
 M - the +7 chain mail of Luyck (worn) {rElec}
   (You found it on level 8 of the Dungeon)

   It insulates you from electricity.
Magical Staves
 P - an uncursed staff of air {unknown}
Jewellery
 o - a +3 amulet of reflection (around neck)
 z - an uncursed ring of see invisible
 B - a ring of positive energy (left hand)
 C - an uncursed amulet of guardian spirit
 J - an uncursed amulet of rage {unknown}
 R - a ring of protection from magic (right hand)
 T - an uncursed ring of wizardry
Wands
 F - a wand of iceblast (2)
 K - a wand of paralysis (8)
 L - a wand of polymorph (15)
 Q - a wand of flame (19)
Scrolls
 e - a scroll of remove curse
 h - 4 scrolls of immolation
 j - a scroll of fog
 s - a scroll of fear {unknown}
 t - 3 scrolls of enchant weapon
 v - 5 scrolls of teleportation
 A - a scroll of vulnerability {unknown}
 G - 2 scrolls of blinking
 H - 3 scrolls of silence
Potions
 d - 4 potions of might
 n - a potion of stabbing
 p - 2 potions of lignification
 u - 2 potions of flight
 x - a potion of magic {unknown}
 D - 3 potions of mutation {unknown}
 S - a potion of curing {unknown}
Comestibles
 f - 17 rations


   Skills:
 - Level 10.0 Fighting
 + Level 17.1 Axes
 - Level 6.2 Armour
 - Level 6.2 Shields


You had 10 spell levels left.
You didn't know any spells.
Your spell library was empty.

Dungeon Overview and Level Annotations

Branches:
Dungeon (11/15)            Temple (0/1) D:4            Lair (0/6) D:11
  IceCv (1/1)
    Orc: D:9-12

Altars:
Ashenzari
Cheibriados
Dithmenos
Fedhas
Gozag
Hepliaklqana
Okawaru
Sif Muna
Trog
Uskayaw
Vehumet
Zin
The Shining One

Shops:
D:5 %

Annotations:
IceCv exclusion: 2 ice statues


Message History

You slash the ice beast!
You kill the ice beast!
Okay, then.
It was a potion of flight.
You feel very buoyant.
You fly up into the air.
Found a transparent marble ring. 2 ice dragons come into view.
The ice dragon roars deafeningly! x2
The ice dragon breathes frost at you. The blast of cold hits you!!
Found an encrusted moonstone ring, a runed marble ring and 30 gold pieces.
Found 32 gold pieces.
Unknown command.
The ice dragon breathes frost at you. The blast of cold hits you!!!
* * * LOW HITPOINT WARNING * * *
The ice dragon breathes frost at you. The blast of cold hits you!!
You die...

#.....## #..# #...#..#
##.# ≈≈# ##..###.# ##..#
#≈≈# #..###..# #.#.###≈≈#
..####.## ##.###≈≈≈#
$....#
#.#..#..####...##≈≈≈#
.....#
#..#.#.#.##..#.##≈≈≈#
..D..#
###...#..#..##..#≈≈≈#
$...#
##..##...##...@○≈≈##.D..#
##..#####.####≈○○D#==$#
##...#...##≈≈≈≈≈#D$.=#
###..#.##≈≈≈≈≈≈..#=##
###.####≈#≈≈#### # ###
###≈## ###


You could see 2 ice dragons.

Vanquished Creatures
  2 two-headed ogres
  2 gargoyles
  2 rime drakes (IceCv)
  Sigmund (D:4)
  3 yaks (D:10)
  A black bear (D:7)
  5 orc warriors
  15 ice beasts
  4 phantoms
  A necrophage (D:8)
  2 ogres
  3 centaurs
  A crocodile (D:10)
  Blork the orc (D:4)
  3 bullfrogs
  5 scorpions
  A wyvern skeleton (D:6)
  3 killer bees (D:7)
  A howler monkey (D:6)
  3 crimson imps
  A bullfrog zombie (D:4)
  2 centaur zombies
  2 jellies
  A quasit (D:10)
  10 hounds
  13 orc wizards
  A centaur skeleton (D:4)
  8 orc priests
  Jessica (D:2)
  3 iguanas
  Terence (D:2)
  7 worker ants
  A hound zombie (D:7)
  2 howler monkey zombies (D:4)
  5 worker ant zombies
  Robin (D:2)
  6 gnolls
  A howler monkey skeleton (D:5)
  13 adders
  2 shadow imps
  12 white imps (D:11)
  5 oozes
  2 adder skeletons (D:4)
  3 worms
  A leopard gecko (D:2)
  30 orcs
  4 ball pythons
  4 giant cockroaches
  12 hobgoblins
  2 jackals (D:10)
  9 kobolds
  A quokka (D:6)
  6 bats
  4 frilled lizards
  17 goblins
  A leopard gecko skeleton (D:4)
  A leopard gecko zombie (D:6)
  2 quokka zombies
  8 rats
  A fungus (D:3)
265 creatures vanquished.

Vanquished Creatures (others)
  A kobold (D:2)
1 creature vanquished.

Grand Total: 266 creatures vanquished

Notes
Turn   | Place    | Note
-------+----------+-------------------------------------------
     0 | D:1      | tilp the Hill Orc Fighter began the quest for the Orb.
     0 | D:1      | Reached XP level 1. HP: 19/19 MP: 1/1
    41 | D:1      | Reached skill level 3 in Axes
   102 | D:1      | Reached XP level 2. HP: 26/26 MP: 2/2
   200 | D:1      | Reached skill level 4 in Axes
   720 | D:2      | Reached XP level 3. HP: 31/31 MP: 3/3
   728 | D:2      | Reached skill level 5 in Axes
   855 | D:2      | Noticed Jessica
   862 | D:2      | Killed Jessica
   862 | D:2      | Reached XP level 4. HP: 34/39 MP: 4/4
  1045 | D:2      | Reached skill level 6 in Axes
  1072 | D:2      | Noticed Terence
  1090 | D:2      | Killed Terence
  1334 | D:2      | Noticed Robin
  1344 | D:2      | Killed Robin
  1344 | D:2      | Reached XP level 5. HP: 44/45 MP: 5/5
  1407 | D:2      | Found a radiant altar of Vehumet.
  1689 | D:3      | Reached skill level 7 in Axes
  1741 | D:3      | Found a hazy altar of Hepliaklqana.
  1846 | D:3      | Found a blossoming altar of Fedhas.
  1980 | D:3      | Found a shadowy altar of Dithmenos.
  2061 | D:3      | Found a snail-covered altar of Cheibriados.
  2235 | D:3      | Found a glowing silver altar of Zin.
  2408 | D:4      | Found a staircase to the Ecumenical Temple.
  2497 | D:4      | Reached skill level 8 in Axes
  2497 | D:4      | Reached XP level 6. HP: 32/51 MP: 6/6
  2581 | D:4      | Noticed Sigmund
  2601 | D:4      | Killed Sigmund
  2601 | D:4      | Reached skill level 9 in Axes
  2601 | D:4      | Reached XP level 7. HP: 19/57 MP: 7/7
  2833 | D:4      | Identified the +8 rapier "Duamyerr" {drain, *Contam *Noise
                  | rElec Int+8}
  2927 | D:4      | Reached skill level 10 in Axes
  3120 | D:4      | Found a shattered altar of Ashenzari.
  3196 | D:4      | Found a glowing golden altar of the Shining One.
  3278 | D:4      | Reached skill level 11 in Axes
  3637 | D:4      | Noticed Blork the orc
  3651 | D:4      | Killed Blork the orc
  3651 | D:4      | Reached XP level 8. HP: 64/64 MP: 8/8
  3888 | D:5      | Entered Level 5 of the Dungeon
  3945 | D:5      | Reached skill level 12 in Axes
  3981 | D:5      | Found Ahubuown's Food Shoppe.
  4120 | D:5      | Found an opulent altar of Gozag.
  4302 | D:5      | Noticed a moth of wrath
  4305 | D:5      | Found a bloodstained altar of Trog.
  4529 | D:5      | Found a shattered altar of Ashenzari.
  4792 | D:6      | Reached skill level 5 in Fighting
  4955 | D:6      | Reached XP level 9. HP: 58/75 MP: 9/9
  4962 | D:6      | Reached skill level 13 in Axes
  5289 | D:6      | Found a shimmering blue altar of Sif Muna.
  5376 | D:6      | Became a worshipper of Beogh the Brigand
  5403 | D:6      | Found a radiant altar of Vehumet.
  5734 | D:7      | Reached skill level 14 in Axes
  6039 | D:7      | Noticed a gargoyle
  6041 | D:7      | Killed a gargoyle
  6041 | D:7      | Reached skill level 15 in Axes
  6184 | D:7      | Reached * piety under Beogh
  6231 | D:7      | Reached XP level 10. HP: 18/83 MP: 10/10
  6730 | D:8      | Got a dazzling chain mail
  6761 | D:8      | Reached skill level 16 in Axes
  6783 | D:8      | Got a jewelled broad axe
  6798 | D:8      | Found an iron altar of Okawaru.
  7140 | D:8      | Found a hide-covered altar of Uskayaw.
  7721 | D:9      | Noticed a two-headed ogre
  7726 | D:9      | Killed a two-headed ogre
  7726 | D:9      | Reached skill level 5 in Armour
  7726 | D:9      | Reached skill level 5 in Shields
  7774 | D:9      | Identified the cursed +3 broad axe "Vaypt" {vorpal, rPois
                  | rF+ Int-5 Dex+3} (You found it on level 8 of the Dungeon)
  7795 | D:10     | Entered Level 10 of the Dungeon
  7796 | D:10     | Noticed a gargoyle
  7802 | D:10     | Killed a gargoyle
  7851 | D:10     | Reached ** piety under Beogh
  8007 | D:10     | Noticed a two-headed ogre
  8016 | D:10     | Killed a two-headed ogre
  8016 | D:10     | Reached XP level 11. HP: 90/97 MP: 11/11
  8089 | D:10     | Reached skill level 10 in Fighting
  8472 | D:11     | Identified the +7 chain mail of Luyck {rElec} (You found it
                  | on level 8 of the Dungeon)
  8505 | D:11     | Found a frozen archway.
  8512 | D:11     | Reached *** piety under Beogh
  8523 | IceCv    | Entered an ice cave
  8676 | IceCv    | Reached skill level 17 in Axes
  8972 | IceCv    | Noticed an ice dragon
  8972 | IceCv    | Noticed an ice dragon
  8978 | IceCv    | Killed from afar by an ice dragon

Levels and vault maps discovered:
D:1:      lightli_arrival_statuegarden, layout_loops_ring
D:2:      layout_loops_cross, fiery_altar_vehumet, minmay_3d_cube, uniq_terence,
          uniq_robin, uniq_jessica
D:3:      layout_loops_ring, marbit_many_paths, nicolae_overflow_crystal_walls,
          lemuel_round_altar, lemuel_doored_altar, fedhas_altar_3
D:4:      layout_loops_ring, nicolae_tso_swordbearing_angel,
          evilmike_ruin_ashenzari, minmay_temple_entry_large_hall, first_ration,
          serial_undead, serial_undead_a, serial_undead_d, serial_undead_e,
          serial_undead_d, sigmund_army, uniq_blork_the_orc
D:5:      layout_loops_ring, tgw_trog,
          nicolae_gozag_cash_rules_everything_around_me, basic_altar,
          serial_shops, kennysheep_mini_moat, kennysheep_crisscross
D:6:      layout_rooms, lemuel_round_altar, basic_altar,
          hangedman_minor_gate_pass, uniq_sigmund
D:7:      layout_basic, minmay_small_thing
D:8:      layout_gridville, nicolae_overflow_hidden_temple, lemuel_crystal_altar
D:9:      layout_rooms
D:10:     layout_basic
D:11:     minmay_spotlight, layout_basic, dpeg_oklobed_lair,
          portal_ice_cave_entry_imps, uniq_grum
IceCv:    ice_cave_small_dragons

Skill      XL: |  1  2  3  4  5  6  7  8  9 10 11 |
---------------+----------------------------------+-----
Axes           | 3 4 5 6 8 9 11 12 15 16 17 | 17.1
Fighting       | 5 6 9 10 | 10.0
Armour         | 4 6 |  6.2
Shields        | 4 6 |  6.2

Action                   |  1- 3 |  4- 6 |  7- 9 | 10-12 || total
-------------------------+-------+-------+-------+-------++-------
Melee: War axe           |    79 |   183 |   429 |    87 ||   778
       Broad axe         |       |       |       |   146 ||   146
 Fire: Hunting sling     |       |    20 |     2 |       ||    22
Throw: Stone             |       |     1 |       |       ||     1
       Boomerang         |       |       |    12 |       ||    12
Invok: Convert to Beogh  |       |       |     1 |       ||     1
Evoke: Wand              |       |       |     2 |     3 ||     5
  Use: Scroll            |     2 |     4 |     6 |     7 ||    19
       Potion            |       |     5 |       |     1 ||     6
  Eat: Chunk             |       |     6 |    12 |     8 ||    26
Armor: Scale mail        |    34 |     8 |       |       ||    42
       Chain mail        |       |    66 |   144 |    42 ||   252
       Plate armour      |       |       |       |    34 ||    34
Dodge: Dodged            |    13 |    32 |    44 |    18 ||   107
Block: Kite shield       |    46 |   100 |   226 |   117 ||   489
       Reflection        |     1 |     1 |     8 |     4 ||    14

Table legend:
 A = Non-vault XP
 B = Vault XP
 C = Vault XP percentage of total XP
 D = Non-vault monster count
 E = Vault monster count
 F = Vault count percentage of total count
                 A         B        C        D         E       F
            +---------+---------+-------+---------+---------+-------
      Total |    9106 |    3536 |  28.0 |     194 |      71 |  26.8
            +---------+---------+-------+---------+---------+-------
        D:1 |      30 |       0 |   0.0 |      19 |       0 |   0.0
        D:2 |      19 |     129 |  87.2 |      10 |      16 |  61.5
        D:3 |      67 |       5 |   6.9 |      23 |       1 |   4.2
        D:4 |     532 |     532 |  50.0 |      25 |      18 |  41.9
        D:5 |     537 |      13 |   2.4 |      11 |       5 |  31.2
        D:6 |    1109 |     131 |  10.6 |      24 |       4 |  14.3
        D:7 |    1302 |     419 |  24.3 |      25 |       2 |   7.4
        D:8 |     696 |       0 |   0.0 |      15 |       0 |   0.0
        D:9 |    1392 |       0 |   0.0 |      10 |       0 |   0.0
       D:10 |    3410 |       0 |   0.0 |      28 |       0 |   0.0
       D:11 |      12 |     124 |  91.2 |       4 |      12 |  75.0
      IceCv |       0 |    2183 | 100.0 |       0 |      13 | 100.0
            +---------+---------+-------+---------+---------+-------
